 Dungeon Crawl Stone Soup version 0.21.0-3-g78d12a8 (webtiles) character file.

60994 letownia2 the Brawler (level 15, 81/81 HPs)
             Began as a Vine Stalker Wizard on Jan 12, 2018.
             Was an Initiate of Gozag.
             Quit the game on level 3 of the Lair of Beasts.
             The game lasted 01:15:04 (19995 turns).

letownia2 the Brawler (Vine Stalker Wizard)        Turns: 19995, Time: 01:15:04

Health: 81/81      AC: 20    Str: 20    XL:     15   Next: 1%
Magic:  29/29      EV: 13    Int: 18    God:    Gozag
Gold:   580        SH:  5    Dex: 13    Spells: 10/32 levels left

rFire    + + .     SeeInvis .     - Unarmed
rCold    + . .     Gourm    .   W - +0 buckler
rNeg     + . .     Faith    .   h - +1 leather armour {rC+}
rPois    .         Spirit   +   z - +1 helmet
rElec    +         Reflect  .   G - +2 cloak {rF+}
rCorr    .         Harm     .   c - +5 pair of gloves of Indemnity {*Slow rElec rF+ rN+}
MR       ++...                  Y - +2 pair of boots of the Gravedigger {Str+4}
Stlth    ++........             s - amulet of magic regeneration
HPRegen  1.03/turn              f - +1 ring of protection
MPRegen  0.46/turn              T - ring of protection from magic

@: gold aura
A: fangs 3, regeneration 2, magic shield, antimagic bite, no potion heal 3, rot
immunity
a: Potion Petition, Call Merchant, Bribe Branch, Renounce Religion


You were on level 3 of the Lair of Beasts.
You worshipped Gozag.
Gozag was pleased with you.
You were not hungry.

You visited 4 branches of the dungeon, and saw 20 of its levels.
You visited 1 bazaar.
You also visited: Volcano.

You collected 6802 gold pieces.
You spent 297 gold pieces at shops.
You paid 5925 gold pieces to Gozag.

Inventory:

Missiles
 F - 3 javelins (quivered)
Armour
 c - the +5 pair of gloves of Indemnity (worn) {*Slow rElec rF+ rN+}
   (You acquired it on level 2 of the Lair of Beasts)

   It protects you from fire.
   It insulates you from electricity.
   It protects you from negative energy.
   It may slow you when you take damage.
 g - a +0 plate armour of magic resistance
 h - a +1 leather armour of cold resistance (worn)
 l - a +0 scale mail
 r - a +2 leather armour of fire resistance
 v - a +0 pair of gloves
 z - a +1 helmet (worn)
 G - a +2 cloak of fire resistance (worn)
 W - a +0 buckler (worn)
 Y - the +2 pair of boots of the Gravedigger (worn) {Str+4}
   (You bought it in a shop on level 2 of the Lair of Beasts)

   It affects your strength (+4).
Magical Staves
 b - an uncursed staff of wizardry
Jewellery
 f - a +1 ring of protection (left hand)
 s - an amulet of magic regeneration (around neck)
 R - an uncursed ring of ice
 T - a ring of protection from magic (right hand)
Wands
 x - a wand of digging (32)
 B - a wand of flame (27)
 K - a wand of polymorph (14)
 X - a wand of iceblast (8)
Scrolls
 e - 3 scrolls of fog
 i - 9 scrolls of identify
 n - 9 scrolls of remove curse
 p - 3 scrolls of magic mapping
 y - 7 scrolls of teleportation
 A - 3 scrolls of blinking
Potions
 a - a potion of ambrosia
 j - 2 potions of cancellation
 k - 3 potions of curing
 m - 3 potions of brilliance
 o - 4 potions of flight
 t - 3 potions of lignification
 u - a potion of magic
 C - 2 potions of mutation
 H - 5 potions of berserk rage
 I - a potion of invisibility
 P - 2 potions of might
 S - a potion of haste
 U - 3 potions of agility
 Z - a potion of resistance
Books
 J - a book of Death

   Spells                             Type                      Level
   a - Corpse Rot                     Necromancy                   2
   b - Sublimation of Blood           Necromancy                   2
   c - Agony                          Necromancy                   5
   d - Dispel Undead                  Necromancy                   5
   e - Excruciating Wounds            Charms/Necromancy            5
   f - Bolt of Draining               Conjuration/Necromancy       5
Miscellaneous
 L - a lightning rod (4/4)
 O - a lamp of fire (inert)
Comestibles
 d - 22 rations


   Skills:
 + Level 10.6 Fighting
 - Level 5.6 Armour
 - Level 3.0 Dodging
 - Level 2.4 Stealth
 - Level 4.6 Shields
 + Level 16.4 Unarmed Combat
 - Level 9.2 Spellcasting
 - Level 5.2 Conjurations
 - Level 3.2 Hexes
 - Level 1.0 Summonings
 - Level 4.3 Translocations
 - Level 2.1 Fire Magic
 - Level 3.6 Air Magic
 - Level 2.0 Poison Magic
 - Level 2.9 Evocations


You had 10 spell levels left.
You knew the following spells:

 Your Spells              Type           Power        Failure   Level  Hunger
a - Magic Dart            Conj           ####         1%          1    None
b - Blink                 Tloc           N/A          2%          2    None
c - Conjure Flame         Conj/Fire      ###.....     6%          3    None
d - Confusing Touch       Hex            ###...       2%          1    None
e - Mephitic Cloud        Conj/Pois/Air  ###.....     6%          3    None
f - Inner Flame           Hex/Fire       ###.....     10%         3    None
i - Call Imp              Summ           ##......     10%         2    None
j - Portal Projectile     Hex/Tloc       ###...       6%          3    None
x - Dazzling Spray        Conj/Hex       ###...       4%          3    None
z - Summon Butterflies    Summ           ##......     6%          1    None


Dungeon Overview and Level Annotations

Branches:
Dungeon (14/15)            Temple (1/1) D:5            Lair (3/6) D:10
 Shoals (0/4) Lair:2        Snake (0/4) Lair:2          Orc (2/2) D:9
    Elf (0/3) Orc:2        Vaults (0/5) D:13

Altars:
Ashenzari
Fedhas
Gozag
Hepliaklqana
Kikubaaqudgha
Nemelex Xobeh
Okawaru
Qazlal
Trog
Uskayaw
Wu Jian
Zin
Beogh

Shops:
D:7 [   D:12 [   Orc:1 [   Orc:2 }*%[   Lair:2 =[[*[   Lair:3 :


Innate Abilities, Weirdness & Mutations

You have razor-sharp teeth.
You heal very quickly.
When hurt, damage is shared between your health and your magic reserves.
Your bite disrupts and absorbs the magic of your enemies.
Potions cannot restore your health.
You are immune to rotting.


Message History

You punch the komodo dragon!
You kill the komodo dragon!
No target in view!
You start resting.
Magic restored.
Unknown command.
You start resting.
HP restored.
Unknown command.
Found a potion of magic.
You now have enough gold to fund merchants seeking to open stores in the dungeon.
You now have 1810 gold pieces (gained 11). [a] 1473 gold - Destyod's Food Boutique [b] 1469 gold - Jydeps's Gadget Shop [c] 1527 gold - Irimn's Weapon Shop [d] 1230 gold - Keothroz's Book Boutique Fund which merchant?
You no longer have enough gold to fund merchants seeking to open stores in the dungeon.
Keothroz invites you to visit her Book Boutique.
Are you sure you want to abandon this character and quit the game? (Confirm with "yes".)

#..............#....
###.............#....
#...............#....
.....>.♣.............
#.#........♣.♣...#.
#....P.......♣♣..#
#...?.....P..P.♣.#
♣.......P....P..♣#
♣P@....P........
...P......P.......P.P
...........#####....
.!...P.....# $ ...
...........+ $
...........#
....P.P....#
............ $


There were no monsters in sight!

Vanquished Creatures
  Kirke (D:14)
  An ettin (Orc:1)
  Snorg (Orc:2)
  Josephine (Orc:2)
  A vault guard (D:13)
  The ghost of Monsterracer the Cleaver, a journeyman DDFi of Makhleb (Lair:2)
  5 hydras
  A centaur warrior (D:13)
  7 two-headed ogres
  3 orc high priests (Orc:2)
  A tengu warrior (D:13)
  The ghost of Monsterracer the Cleaver, a novice DDFi (D:8)
  2 skeletal warriors (Volcano)
  An unseen horror (D:13)
  A wizard (D:13)
  A deep elf mage (D:14)
  6 orc knights
  A necromancer (D:10)
  An anaconda skeleton (Volcano)
  3 manticores
  5 orc sorcerers (Orc:2)
  An ugly thing (D:12)
  2 cyclopes
  4 black mambas
  5 spiny frogs
  5 gargoyles (Volcano)
  3 komodo dragons
  2 tengu conjurers (D:13)
  A freezing wraith (D:13)
  6 trolls
  A hornet (D:13)
  A harpy skeleton (D:13)
  3 blink frogs (Lair:3)
  2 dream sheep (D:10)
  5 slime creatures
  8 hippogriffs
  4 alligator skeletons (Volcano)
  2 flying skulls (Volcano)
  28 yaks
  7 wraiths
  7 water elementals (D:14)
  3 wyverns
  A basilisk (Lair:1)
  4 hogs (D:14)
  A steam dragon (D:12)
  A warg (Orc:1)
  2 soldier ants
  An acid dragon (D:12)
  14 water moccasins
  4 porcupines
  22 orc warriors
  3 black bears
  A hornet zombie (D:6)
  4 ice beasts
  4 sky beasts
  9 ogres
  3 phantoms
  An eye of draining (D:12)
  2 necrophages
  13 centaurs
  11 wolves
  7 crocodiles
  4 big kobolds
  12 bullfrogs
  7 scorpions
  26 killer bees
  4 troll skeletons (Volcano)
  4 jellies
  A spriggan skeleton (Volcano)
  2 electric eels (D:6)
  8 howler monkeys
  A bullfrog zombie (D:8)
  12 crimson imps
  3 quasits
  A centaur zombie (D:9)
  13 hounds
  19 orc priests
  4 bullfrog skeletons
  5 centaur skeletons
  23 orc wizards
  An iguana (D:4)
  13 worker ants
  2 polar bear simulacra (D:10)
  2 yak simulacra (D:10)
  A killer bee zombie (D:6)
  3 wolf simulacra (D:10)
  8 ogre zombies (D:9)
  A naga skeleton (Volcano)
  2 worker ant zombies
  19 adders
  7 gnolls
  2 howler monkey skeletons
  3 shadow imps
  2 oozes
  An adder zombie (D:5)
  2 worms (D:2)
  A dart slug (D:3)
  6 leopard geckos
  63 orcs
  6 bats
  2 giant cockroaches
  5 goblins
  9 hobgoblins
  6 jackals
  8 quokkas
  A ball python (D:4)
  3 frilled lizards
  A giant cockroach zombie (D:6)
  A goblin skeleton (D:9)
  3 goblin zombies (D:9)
  2 hobgoblin skeletons (D:9)
  5 hobgoblin zombies (D:9)
  10 kobolds
  3 leopard gecko skeletons
  4 orc skeletons (D:9)
  10 orc zombies (D:9)
  A quokka skeleton (D:8)
  A quokka zombie (D:5)
  9 rats
  4 river rat simulacra (D:10)
  A fire vortex (Orc:1)
  2 plants (Lair:2)
638 creatures vanquished.

Vanquished Creatures (others)
  A flying skull (Volcano)
  A human (D:14)
  A killer bee (D:12)
  An electric eel (D:14)
  An orc priest (Orc:2)
  2 orc wizards
  26 fungi
  23 plants
56 creatures vanquished.

Grand Total: 694 creatures vanquished

Notes
Turn   | Place    | Note
-------+----------+-------------------------------------------
     0 | D:1      | letownia2 the Vine Stalker Wizard began the quest for the Orb.
     0 | D:1      | Reached XP level 1. HP: 9/9 MP: 5/5
   148 | D:1      | Reached XP level 2. HP: 13/13 MP: 0/7
   902 | D:3      | Reached XP level 3. HP: 16/16 MP: 0/8
  1065 | D:3      | Gained mutation: Your natural rate of healing is unusually fast. [Vine Stalker growth]
  1065 | D:3      | Reached XP level 4. HP: 19/21 MP: 0/9
  1282 | D:4      | Noticed an ogre
  1287 | D:4      | Learned a level 3 spell: Mephitic Cloud
  1296 | D:4      | Killed an ogre
  1296 | D:4      | Reached skill level 5 in Conjurations
  1296 | D:4      | Reached XP level 5. HP: 24/24 MP: 8/10
  1572 | D:4      | Reached XP level 6. HP: 28/28 MP: 9/13
  1577 | D:4      | Learned a level 3 spell: Conjure Flame
  1580 | D:4      | Learned a level 2 spell: Blink
  1588 | D:4      | Found a hazy altar of Hepliaklqana.
  1930 | D:5      | Entered Level 5 of the Dungeon
  1942 | D:5      | Noticed an ice beast
  2048 | D:5      | Reached skill level 1 in Fire Magic
  2048 | D:5      | Reached skill level 1 in Air Magic
  2048 | D:5      | Reached skill level 1 in Poison Magic
  2056 | D:5      | Found a staircase to the Ecumenical Temple.
  2061 | Temple   | Entered the Ecumenical Temple
  2120 | Temple   | Became a worshipper of Gozag Ym Sagoz the Greedy
  2309 | D:5      | Reached XP level 7. HP: 32/32 MP: 7/14
  2365 | D:5      | Reached skill level 1 in Armour
  2570 | D:5      | Reached skill level 5 in Spellcasting
  3143 | D:2      | Found a bloodstained altar of Trog.
  3143 | D:2      | Found an ancient bone altar of Kikubaaqudgha.
  3156 | D:2      | Found an iron altar of Okawaru.
  3181 | D:2      | Reached skill level 1 in Fighting
  4049 | D:6      | Found a stormy altar of Qazlal.
  4172 | D:6      | Gained mutation: You have razor-sharp teeth. [Vine Stalker growth]
  4172 | D:6      | Reached XP level 8. HP: 39/39 MP: 14/17
  4311 | D:6      | Noticed a yak
  4323 | D:6      | Killed a yak
  4425 | D:6      | Learned a level 1 spell: Confusing Touch
  4506 | D:6      | Reached XP level 9. HP: 42/42 MP: 18/22
  4558 | D:6      | Reached skill level 1 in Hexes
  4632 | D:6      | Reached skill level 1 in Evocations
  5016 | D:6      | Learned a level 3 spell: Inner Flame
  5020 | D:6      | Learned a level 3 spell: Portal Projectile
  5023 | D:6      | Learned a level 2 spell: Call Imp
  5295 | D:7      | Found Kuquurgha's Antique Armour Emporium.
  5805 | D:8      | Noticed Monsterracer's ghost (novice DDFi)
  5917 | D:8      | Noticed a two-headed ogre
  6289 | D:8      | Killed a two-headed ogre
  6289 | D:8      | Reached skill level 2 in Unarmed Combat
  6289 | D:8      | Reached XP level 10. HP: 24/49 MP: 4/23
  6453 | D:8      | Reached skill level 3 in Unarmed Combat
  6682 | D:8      | Killed Monsterracer's ghost
  6682 | D:8      | Reached skill level 5 in Unarmed Combat
  7060 | D:8      | You fall through a shaft for 2 floors!
  7060 | D:10     | Entered Level 10 of the Dungeon
  7060 | D:10     | Found a staircase to the Lair.
  7103 | D:10     | Reached skill level 6 in Unarmed Combat
  7176 | D:10     | Reached skill level 7 in Unarmed Combat
  7268 | D:10     | Reached skill level 8 in Unarmed Combat
  7297 | D:10     | Reached XP level 11. HP: 29/53 MP: 24/24
  7307 | D:10     | Noticed a two-headed ogre
  7313 | D:10     | Reached skill level 9 in Unarmed Combat
  7318 | D:10     | Killed a two-headed ogre
  7470 | D:10     | Reached skill level 10 in Unarmed Combat
  7646 | D:10     | Noticed a three-headed hydra
  7653 | D:10     | Killed a three-headed hydra
  7968 | D:10     | Noticed a necromancer
  7975 | D:10     | Reached skill level 5 in Fighting
  7987 | D:10     | Killed a necromancer
  8161 | D:10     | Noticed a two-headed ogre
  8175 | D:10     | Killed a two-headed ogre
  8175 | D:10     | Reached skill level 11 in Unarmed Combat
  8478 | D:9      | Found a staircase to the Orcish Mines.
  8791 | D:9      | Found a sparkling altar of Nemelex Xobeh.
  8821 | D:9      | Noticed a two-headed ogre
  8827 | D:9      | Killed a two-headed ogre
  8827 | D:9      | Gained mutation: You heal very quickly. [Vine Stalker growth]
  8827 | D:9      | Reached XP level 12. HP: 59/62 MP: 20/25
  8947 | D:9      | Noticed a dagger
  8948 | D:9      | Noticed a dagger
  8948 | D:9      | Found a hide-covered altar of Uskayaw.
  9046 | D:9      | Noticed a four-headed hydra
  9058 | D:9      | Killed a four-headed hydra
  9406 | Lair:1   | Entered Level 1 of the Lair of Beasts
 10244 | Lair:1   | Reached skill level 12 in Unarmed Combat
 10520 | Lair:2   | Found a staircase to the Shoals.
 10628 | Lair:2   | Noticed Monsterracer's ghost (journeyman DDFi)
 10924 | Lair:1   | Learned a level 1 spell: Summon Butterflies
 11018 | Lair:2   | Bought a scroll labeled JOTUZUU QAFERE for 33 gold pieces
 11023 | Lair:2   | Identified 2 scrolls of acquirement
 11030 | Lair:2   | Identified a +0 pair of boots of running (You acquired it on level 2 of the Lair of Beasts)
 11207 | Lair:2   | Killed Monsterracer's ghost
 11207 | Lair:2   | Reached skill level 13 in Unarmed Combat
 11207 | Lair:2   | Reached XP level 13. HP: 44/68 MP: 11/27
 11413 | Lair:2   | Found a staircase to the Snake Pit.
 11792 | Orc:1    | Entered Level 1 of the Orcish Mines
 11823 | Orc:1    | Reached skill level 1 in Shields
 12024 | Orc:1    | Noticed an ettin
 12116 | Orc:1    | Killed an ettin
 12205 | Orc:1    | Found a dark tunnel.
 12303 | Volcano  | Entered a volcano
 12705 | Volcano  | Reached skill level 14 in Unarmed Combat
 13331 | Orc:1    | Found Fipoucarr's Armour Shop.
 13638 | Orc:2    | Entered Level 2 of the Orcish Mines
 13665 | Orc:2    | Noticed Snorg
 13960 | Orc:2    | Killed Snorg
 14076 | Orc:2    | Found a staircase to the Elven Halls.
 14380 | Orc:2    | Noticed Josephine
 14409 | Orc:2    | Killed Josephine
 14524 | Orc:2    | Found a roughly hewn altar of Beogh.
 15076 | Orc:2    | Reached skill level 5 in Armour
 15242 | Orc:2    | Reached XP level 14. HP: 62/75 MP: 23/28
 15248 | Orc:2    | Found Qoihis's Assorted Antiques.
 15248 | Orc:2    | Found Ytittor's Gadget Shop.
 15250 | Orc:2    | Found Edopuam's Armour Shoppe.
 15250 | Orc:2    | Found Loulot's Food Shop.
 15256 | Orc:2    | Bought a scroll labeled QUHUUPT VINN for 27 gold pieces
 16193 | D:11     | Found a shattered altar of Ashenzari.
 16443 | D:12     | Found an ornate altar of the Wu Jian Council.
 16504 | D:12     | Found Nasinoi's Armour Emporium.
 16731 | D:12     | Reached skill level 15 in Unarmed Combat
 17642 | D:13     | Found a flickering gateway to a bazaar.
 17833 | D:13     | Reached skill level 10 in Fighting
 18534 | D:13     | Reached skill level 16 in Unarmed Combat
 18578 | Bazaar   | Entered a bazaar
 18592 | Bazaar   | Found Muenuo's Antique Armour Shoppe.
 18592 | Bazaar   | Found Qounkor's Weapon Emporium.
 18613 | Bazaar   | Found Yschub's Distillery.
 18628 | Bazaar   | Found Qoobb's Book Shoppe.
 18628 | Bazaar   | Found Ufauhog's Jewellery Emporium.
 18714 | D:13     | Found a gate to the Vaults.
 18912 | D:13     | Learned a level 3 spell: Dazzling Spray
 19160 | D:14     | Noticed Kirke
 19179 | D:14     | Killed Kirke
 19866 | Lair:2   | Bought a pair of pitted boots for 237 gold pieces
 19876 | Lair:2   | Identified the +2 pair of boots of the Gravedigger {Str+4} (You bought it in a shop on level 2 of the Lair of Beasts)
 19890 | Lair:2   | Got a pair of shimmering gloves
 19901 | Lair:2   | Identified the +5 pair of gloves of Indemnity {*Slow rElec rF+ rN+} (You acquired it on level 2 of the Lair of Beasts)
 19946 | Lair:3   | Reached XP level 15. HP: 65/81 MP: 29/29
 19995 | Lair:3   | Quit the game

Skill      XL: |  1  2  3  4  5  6  7  8  9 10 11 12 13 14 |
---------------+-------------------------------------------+-----
Conjurations   | 2 3 5 |  5.2
Spellcasting   | 4 5 8 9 |  9.2
Fire Magic     | 1 2 |  2.1
Air Magic      | 1 3 |  3.6
Poison Magic   | 1 2 |  2.0
Armour         | 2 3 5 |  5.6
Fighting       | 1 2 3 6 7 9 10 | 10.6
Translocations | 2 4 |  4.3
Hexes          | 3 |  3.2
Evocations     | 2 |  2.9
Dodging        | 3 |  3.0
Unarmed Combat | 2 8 11 13 14 16 | 16.4
Shields        | 2 4 |  4.6
Stealth        | |  2.4
Summonings     | |  1.0

Action                   |  1- 3 |  4- 6 |  7- 9 | 10-12 | 13-15 || total
-------------------------+-------+-------+-------+-------+-------++-------
Melee: Dagger            |     4 |    35 |   124 |   155 |    25 ||   343
       Bite              |     1 |    16 |    26 |   176 |   333 ||   552
       Punch             |       |       |       |    30 |     1 ||    31
       Unarmed           |       |       |       |   544 |  1061 ||  1605
Throw: Javelin           |       |       |       |     1 |     4 ||     5
       Throwing net      |       |       |       |     1 |     1 ||     2
 Cast: Magic Dart        |    40 |    82 |   351 |    71 |    24 ||   568
       Mephitic Cloud    |       |     5 |    15 |    16 |    60 ||    96
       Conjure Flame     |       |       |    17 |    52 |    55 ||   124
       Blink             |       |       |     4 |    25 |    16 ||    45
       Confusing Touch   |       |       |       |    11 |       ||    11
Invok: Call Merchant     |       |       |       |     3 |     3 ||     6
Evoke: Wand              |       |     4 |       |    18 |    28 ||    50
       Lamp of fire      |       |       |       |     1 |     1 ||     2
  Use: Scroll            |       |       |     8 |    12 |    13 ||    33
       Potion            |       |       |       |     3 |     3 ||     6
 Stab: Confused          |       |     1 |     2 |    11 |    55 ||    69
       Distracted        |       |       |       |     8 |     2 ||    10
       Sleeping          |       |       |       |     1 |     5 ||     6
       Held in net/web   |       |       |       |       |     1 ||     1
  Eat: Chunk             |     3 |    12 |       |       |       ||    15
       Ration            |       |       |     2 |     4 |     8 ||    14
Armor: Robe              |     2 |     5 |       |       |       ||     7
       Ring mail         |       |       |    86 |   245 |   109 ||   440
       Skin              |       |       |       |    13 |    22 ||    35
       Leather armour    |       |       |       |       |   162 ||   162
Dodge: Dodged            |    22 |    21 |    96 |   375 |   404 ||   918
Block: Buckler           |       |       |       |       |   133 ||   133
